 Dungeon Crawl Stone Soup version 0.17.1-2-g5865329 (webtiles) character file.

49 Chiseanne the Skirmisher (level 3, 0/31 HPs)
             Began as a Centaur Air Elementalist on Jan 19, 2016.
             Slain by an adder (3 damage)
             ... on level 3 of the Dungeon.
             The game lasted 00:04:02 (3160 turns).

Chiseanne the Skirmisher (Centaur Air Elementalist) Turns: 3160, Time: 00:04:02

Health: 0/31       AC:  4    Str: 10    XL:     3   Next: 51%
Magic:  2/5        EV:  9    Int: 15    God:
Gold:   75         SH:  0    Dex:  9    Spells: 1 memorised, 4 levels left

rFire  . . .     SeeInvis .     a - +1 flail
rCold  . . .     Clarity  .     d - +0 robe
rNeg   . . .     SustAt   .     (no shield)
rPois  .         Gourm    .     (no helmet)
rElec  .         Spirit   .     (no cloak)
rCorr  .         Warding  .     (no gloves)
rMut   .         Stasis   .     (no barding)
MR     .....                    (no amulet)
Stlth  +.........               (no ring)
                                (no ring)

@: lethally poisoned (0 -> -6), very slightly contaminated, starving, very
quick, not resistant to hostile enchantments, very unstealthy
A: hooves 3, deformed body, speed 2, tough skin 3
a: no special abilities


You were on level 3 of the Dungeon.
You were starving.

You visited 1 branch of the dungeon, and saw 3 of its levels.

You collected 75 gold pieces.

Inventory:

Hand Weapons
 a - a +1 flail (weapon)
Missiles
 f - 25 sling bullets
 j - 16 bolts of flame
 m - 7 tomahawks (quivered)
Armour
 d - a +0 robe (worn)
Scrolls
 e - 2 scrolls of fog
 n - a scroll of identify
Potions
 g - 2 potions of lignification
Books
 b - a book of Air

   Spells                             Type                      Level
   a - Shock                          Conjuration/Air              1
   b - Swiftness                      Charms/Air                   2
   c - Repel Missiles                 Charms/Air                   2
   d - Static Discharge               Conjuration/Air              3
   e - Lightning Bolt                 Conjuration/Air              5
Comestibles
 c - a bread ration
 h - 2 meat rations


   Skills:
 + Level 3.2 Fighting
 - Level 1.3 Dodging
 - Level 1.2 Stealth
 - Level 1.5 Spellcasting
 - Level 0.8 Conjurations
 - Level 2.6 Air Magic


You had 4 spell levels left.
You knew the following spells:

 Your Spells              Type           Power        Failure   Level  Hunger
a - Shock                 Conj/Air       #...         12%         1    ##.....


Dungeon Overview and Level Annotations

Branches:
Dungeon (3/15)

Altars:
Yredelemnul

Annotations:
D:2 exclusion: door
D:3 Grinder


Innate Abilities, Weirdness & Mutations

You have hooves in place of feet.
Armour fits poorly on your strangely shaped body.
You cover ground very quickly.
You have extremely tough skin (AC +3).


Message History

The adder bites you.
* * * LOW HITPOINT WARNING * * *
Casting: Shock
Confirm with . or Enter, or press ? or * to list all spells.
Aiming: Shock
Press: ? - help, Shift-Dir - straight line, f/p - adder
Aim: an adder (heavily wounded)
The zap hits the adder.
The adder is almost dead.
* * * LOW HITPOINT WARNING * * *
You feel sick. The adder closely misses you.
Casting: Shock
Confirm with . or Enter, or press ? or * to list all spells.
Aiming: Shock
Press: ? - help, Shift-Dir - straight line, f/p - adder
Aim: an adder (almost dead)
The zap misses the adder.
You are starving!
The adder bites you.
You die...

#..####....####********
*,*,*
#..............,,,,,,,*
*,*,,
###.###.##.,...,*****,*
*,**, #..#....,,..#,*
*,* *,*,,
##.#..#####.#,# *,*
*,*,, #.#......#.#.#
*,* *,*,,
#.....##.#)#.# *,*
*,*,, ##....#).....#
*,* *,*,, #....#..#@###
*,* *,*** #....#..#S#
*,* *,,,,
*******##...####.# *,*
*****
,,,,,,,,#....,,..# *,*
*******,#..###*###
*,******** ,,,,***,#..#
*,,,,,,,,, *,,,,,*,#..#
*********, *,,,,,*,*,,*
*, *,,,,,,,*,,** *,


You could see an adder.

Vanquished Creatures
  An adder (D:2)
  A worm (D:2)
  An orc (D:3)
  6 bats
  3 hobgoblins
  3 jackals (D:2)
  A quokka (D:2)
  A ball python (D:2)
  5 giant cockroaches
  A giant gecko (D:1)
  3 goblins (D:1)
  4 kobolds
  4 rats
34 creatures vanquished.

Notes
Turn   | Place    | Note
--------------------------------------------------------------
     0 | D:1      | Chiseanne the Centaur Air Elementalist began the quest for the Orb.
     0 | D:1      | Reached XP level 1. HP: 14/14 MP: 3/3
   199 | D:1      | Reached skill level 1 in Fighting
   673 | D:1      | Reached XP level 2. HP: 18/24 MP: 4/4
  1548 | D:2      | Reached XP level 3. HP: 20/30 MP: 5/5
  2064 | D:2      | Found a basalt altar of Yredelemnul.
  2189 | D:2      | Reached skill level 3 in Fighting
  2826 | D:3      | Noticed Grinder
  2838 | D:3      | Paralysed by Grinder for 6 turns
  3160 | D:3      | Slain by an adder

Action                   || total
-------------------------++-------
Melee: Unarmed           ||    24
       Club              ||    34
       Short sword       ||    79
       Flail             ||    22
 Cast: Shock             ||     4
  Use: Scroll            ||     6
  Eat: Chunk             ||     4
